Kradschützen Motorcycle Team
Selects Armored Support Battlegroup
Construct Light Support Kompanie
Selects Superior Fire Drills
Panzerjäger Mechanized Group
Selects Flammpanzer III Medium Tank
Flammpanzer III Medium Tank
Selects Command Panzer IV F Medium Tank
Command Panzer IV F Medium Tank
Construct Panzerarmee Kommand
Walking Stuka Rocket Launcher
Selects Stuka Anti-tank Loiter
Flammpanzer III Medium Tank